 Dungeon Crawl Stone Soup version 0.17-a0-1850-g688e747 (webtiles) character file.

11449 Enish the Thaumaturge (level 11, -11/61 HPs)
             Began as an Octopode Conjurer on Sept 19, 2015.
             Was an Initiate of Gozag.
             Mangled by a black mamba (12 damage)
             ... on level 2 of the Lair of Beasts.
             The game lasted 01:02:17 (15493 turns).

Enish the Thaumaturge (Octopode Conjurer)          Turns: 15493, Time: 01:02:17

Health: -11/61     AC:  3    Str:  7    XL:     11   Next: 77%
Magic:  9/26       EV: 13    Int: 21    God:    Gozag
Gold:   814        SH:  0    Dex: 13    Spells: 6 memorised, 17 levels left

rFire  + . .     SeeInvis +     b - +3 hunting sling (freeze)
rCold  . . .     Clarity  .     (no shield)
rNeg   + . .     SustAt   .     k - +2 hat
rPois  .         Gourm    .     t - amulet of warding
rElec  .         Spirit   .     o - ring of fire
rCorr  .         Warding  +     B - ring of see invisible
rMut   .         Stasis   .     (no ring)
MR     .....                    (no ring)
Stlth  +++.......               (no ring)
                                (no ring)
                                (no ring)
                                (no ring)

@: very slightly contaminated, not resistant to hostile enchantments, fairly
stealthy
A: almost no armour, amphibious, 8 rings, constrict 8, camouflage 1, cold
resistance 1, gelatinous body 1
a: Potion Petition, Call Merchant, Bribe Branch, Renounce Religion


You were on level 2 of the Lair of Beasts.
You worshipped Gozag.
Gozag was noncommittal.
You were not hungry.

You visited 2 branches of the dungeon, and saw 12 of its levels.

You collected 1823 gold pieces.
You spent 120 gold pieces at shops.
You paid 889 gold pieces to Gozag.

Inventory:

Hand weapons
 a - a +0 dagger of protection
 b - a +3 hunting sling of freezing (weapon)
Missiles
 e - 57 bolts
 g - 257 stones (quivered)
 i - 2 throwing nets
 j - 62 arrows
 s - 31 tomahawks
 z - 35 poisoned needles
 D - 29 sling bullets
 E - 2 javelins
 I - 2 poisoned tomahawks
 K - 3 tomahawks of dispersal
Armour
 k - a +2 hat (worn)
Jewellery
 o - a ring of fire (left tentacle)
 t - an amulet of warding (around mantle)
 B - a ring of see invisible (right tentacle)
Magical devices
 c - a wand of confusion (35)
 v - a wand of fireball (3)
 y - a wand of flame (36)
 F - a wand of disintegration (10)
Scrolls
 n - 3 scrolls of remove curse
 p - 2 scrolls of identify
 w - 2 scrolls of recharging
 G - a scroll of amnesia
 J - a scroll of magic mapping
Potions
 d - 3 potions of curing
 l - 3 potions of degeneration
 q - 2 potions of cancellation
 r - 2 potions of agility
 u - 4 potions of brilliance
 A - a potion of might
 L - a potion of haste
Books
 f - a book of Summonings

   Spells                             Type                      Level
   a - Recall                         Summoning/Translocation      3
   b - Aura of Abjuration             Summoning                    5
   c - Shadow Creatures               Summoning                    5
   d - Summon Demon                   Summoning                    5
   e - Summon Forest                  Summoning/Translocation      5
   f - Summon Mana Viper              Hexes/Summoning              5
 m - a book of Conjurations

   Spells                             Type                      Level
   a - Magic Dart                     Conjuration                  1
   b - Searing Ray                    Conjuration                  2
   c - Dazzling Spray                 Conjuration/Hexes            3
   d - Fulminant Prism                Conjuration/Hexes            4
   e - Iskenderun's Mystic Blast      Conjuration                  4
   f - Iskenderun's Battlesphere      Conjuration/Charms           5
 C - a book of Air

   Spells                             Type                      Level
   a - Shock                          Conjuration/Air              1
   b - Swiftness                      Charms/Air                   2
   c - Repel Missiles                 Charms/Air                   2
   d - Static Discharge               Conjuration/Air              3
   e - Lightning Bolt                 Conjuration/Air              5
Comestibles
 h - 7 bread rations
 x - a slice of pizza
 H - 10 royal jellies


   Skills:
 - Level 10.2 Slings
 * Level 3.5 Dodging
 - Level 2.6 Stealth
 - Level 11.2 Spellcasting
 - Level 8.5 Conjurations
 - Level 5.1 Evocations


You had 17 spell levels left.
You knew the following spells:

 Your Spells              Type           Power        Failure   Level  Hunger
a - Magic Dart            Conj           ####         1%          1    None
b - Dazzling Spray        Conj/Hex       ####....     2%          3    None
c - Iskenderun's Mystic   Conj           #####...     1%          4    #......
d - Static Discharge      Conj/Air       ####....     2%          3    None
e - Repel Missiles        Chrm/Air       ##....       12%         2    None
f - Swiftness             Chrm/Air       ##......     12%         2    None


Dungeon Overview and Level Annotations

Branches:
Dungeon (10/15)            Temple (0/1) D:7            Lair (2/8) D:9
    Orc: D:9-12

Altars:
Cheibriados
Dithmenos
Elyvilon
Fedhas
Gozag
Makhleb
Qazlal
Sif Muna
Vehumet
Xom
Yredelemnul
Zin
The Shining One

Shops:
D:4 ?   D:6 }   D:9 %   D:13 *

Annotations:
D:2 exclusion: downstairs
D:3 Gaunah's ghost, average DgFi


Innate Abilities, Weirdness & Mutations

You cannot wear most types of armour.
You are amphibious.
You can wear up to eight rings at the same time.
You can use your tentacles to constrict eight enemies at once.
Your skin changes colour to match your surroundings (Stealth).
Your rubbery body absorbs attacks (AC +1).
Your flesh is cold resistant.


Message History

The spray of energy misses the black mamba.
The spray of energy hits the plant.
The plant is lightly damaged.
You feel sick. The black mamba closely misses you.
The black mamba barely misses you.
Drink which item? (? for menu, Esc to quit)
You feel better. The black mamba bites you! The black mamba bites you!
* * * LOW HITPOINT WARNING * * *
Read which item? (? for menu, Esc to quit)
Okay, then.
Evoke which item? (* to show all) (? for menu, Esc to quit)
Zapping:
c - a wand of confusion (36)
Press: ? - help, Shift-Dir - straight line, f/p - black mamba
Aim: a black mamba (moderately wounded, chance to defeat MR: 56%)
The black mamba resists with significant effort.
This wand has 35 charges left.
The black mamba bites you!
* * * LOW HITPOINT WARNING * * *
The black mamba bites you!
You die...
Your body crumbles into a pile of gold.

#..............
##...............
#................
##....<..........
#P...............
##...............
#.P#P...##......
#..####.#.......
#.......S@# ...
##.##....##
#....# #.P###
#(.# (... .... $
.#


You could see a black mamba.

Vanquished Creatures
  2 hydras (Lair:1)
  A hill giant (D:10)
  A black mamba (Lair:1)
  The ghost of Enish the Conjurer, an experienced HEAE of Vehumet (D:6)
  2 spiny frogs (Lair:1)
  A troll (D:10)
  A komodo dragon (Lair:1)
  A two-headed ogre (D:9)
  8 yaks (Lair:1)
  2 hippogriffs (Lair:1)
  3 hungry ghosts
  Menkaure (D:7)
  Edmund (D:4)
  A porcupine (Lair:1)
  A phantom (D:4)
  Duvessa (D:4)
  4 water moccasins
  4 orc warriors
  3 sky beasts
  2 necrophages
  An ice beast (D:3)
  3 black bears
  A centaur (D:7)
  6 ogres
  3 crocodiles (Lair:1)
  Blork the orc (D:4)
  8 giant frogs
  A wyvern skeleton (D:9)
  Dowan (D:4)
  A scorpion (D:5)
  6 killer bees (D:9)
  4 wights (D:9)
  6 crimson imps
  A quasit (D:8)
  7 jellies
  Crazy Yiuf (D:6)
  2 giant frog skeletons
  3 hounds
  An orc wizard (D:9)
  6 orc priests
  2 centaur zombies
  2 iguanas (Lair:1)
  5 worker ants
  A hound zombie (D:6)
  12 gnolls
  A worker ant zombie (D:9)
  15 adders
  28 river rats
  A shadow imp (D:6)
  7 oozes
  An adder zombie (D:9)
  An adder skeleton (D:5)
  2 worms
  5 giant geckos
  29 orcs
  8 giant cockroaches
  6 hobgoblins
  9 jackals
  8 kobolds
  5 quokkas
  7 bats
  A giant cockroach zombie (D:6)
  12 giant newts
  13 goblins
  A quokka skeleton (D:9)
  A quokka zombie (D:5)
  13 rats
  A butterfly (Lair:1)
  A fungus (D:9)
302 creatures vanquished.

Vanquished Creatures (others)
  A fungus (Lair:1)
1 creature vanquished.

Grand Total: 303 creatures vanquished

Notes
Turn   | Place    | Note
--------------------------------------------------------------
     0 | D:1      | Enish the Octopode Conjurer began the quest for the Orb.
     0 | D:1      | Reached XP level 1. HP: 11/11 MP: 3/3
   215 | D:1      | Reached XP level 2. HP: 17/17 MP: 1/5
   751 | D:1      | Reached XP level 3. HP: 21/21 MP: 4/7
  1035 | D:1      | Learned a level 3 spell: Dazzling Spray
  1519 | D:2      | Reached XP level 4. HP: 27/27 MP: 5/8
  1906 | D:3      | Noticed a black bear
  1906 | D:3      | Noticed Gaunah's ghost (average DgFi)
  2060 | D:2      | Found a glowing silver altar of Zin.
  2265 | D:2      | Reached skill level 5 in Conjurations
  2389 | D:2      | Found a burning altar of Makhleb.
  2389 | D:2      | Found a blossoming altar of Fedhas.
  2547 | D:2      | Reached XP level 5. HP: 31/31 MP: 7/10
  2584 | D:2      | Reached skill level 1 in Slings
  2789 | D:3      | Learned a level 4 spell: Iskenderun's Mystic Blast
  2953 | D:3      | Noticed an ice beast
  2966 | D:3      | Killed an ice beast
  2966 | D:3      | Reached XP level 6. HP: 36/36 MP: 0/11
  3080 | D:4      | Found Irrups's Magic Scroll Boutique.
  3093 | D:4      | Bought a scroll of identify for 20 gold pieces
  3093 | D:4      | Bought a scroll of identify for 20 gold pieces
  3123 | D:4      | Noticed Blork the orc
  3144 | D:4      | Killed Blork the orc
  3242 | D:4      | Noticed Edmund
  3267 | D:4      | Killed Edmund
  3267 | D:4      | Reached skill level 5 in Slings
  3651 | D:4      | Reached XP level 7. HP: 37/41 MP: 1/12
  3761 | D:4      | Found a shadowy altar of Dithmenos.
  3761 | D:4      | Noticed Dowan
  3770 | D:4      | Killed Dowan
  4002 | D:4      | Noticed Duvessa
  4615 | D:4      | Reached skill level 6 in Slings
  4810 | D:4      | Bought a scroll of identify for 20 gold pieces
  4964 | D:4      | Killed Duvessa
  5044 | D:5      | Entered Level 5 of the Dungeon
  5047 | D:5      | Reached skill level 7 in Slings
  5189 | D:5      | Reached XP level 8. HP: 46/46 MP: 11/13
  5572 | D:5      | Found a glowing golden altar of the Shining One.
  5581 | D:5      | Found a basalt altar of Yredelemnul.
  6044 | D:5      | Found a glowing golden altar of the Shining One.
  6175 | D:5      | Noticed an angel
  6441 | D:6      | Noticed Enish's ghost (experienced HEAE)
  6537 | D:4      | Bought 3 scrolls of identify for 60 gold pieces
  6968 | D:6      | Killed Enish's ghost
  6968 | D:6      | Reached skill level 5 in Spellcasting
  7022 | D:6      | Reached XP level 9. HP: 51/51 MP: 10/16
  7099 | D:5      | Reached skill level 8 in Conjurations
  7321 | D:3      | Killed a black bear
  7838 | D:6      | Found Rec Feon's Gadget Emporium.
  7985 | D:6      | Found an opulent altar of Gozag.
  8000 | D:6      | Became a worshipper of Gozag Ym Sagoz the Greedy
  8071 | D:6      | Found a deep blue altar of Sif Muna.
  8135 | D:6      | Noticed Crazy Yiuf
  8143 | D:6      | Killed Crazy Yiuf
  8143 | D:6      | Reached skill level 1 in Evocations
  8346 | D:7      | Noticed Menkaure
  8349 | D:7      | Killed Menkaure
  8722 | D:7      | Found a staircase to the Ecumenical Temple.
  8749 | D:7      | Found a shimmering altar of Xom.
  9078 | D:7      | Found a stormy altar of Qazlal.
  9225 | D:7      | Found a radiant altar of Vehumet.
  9271 | D:7      | Gained mutation: Your flesh is cold resistant. [potion of beneficial mutation]
  9289 | D:8      | Found a white marble altar of Elyvilon.
  9301 | D:8      | Reached skill level 5 in Evocations
  9911 | D:8      | Learned a level 3 spell: Static Discharge
  9914 | D:8      | Learned a level 2 spell: Repel Missiles
  9917 | D:8      | Learned a level 2 spell: Swiftness
 10318 | D:8      | Reached XP level 10. HP: 56/56 MP: 19/21
 10527 | D:8      | Found a white marble altar of Elyvilon.
 10750 | D:9      | Found a staircase to the Lair.
 10767 | Lair:1   | Entered Level 1 of the Lair of Beasts
 11132 | Lair:1   | Reached skill level 9 in Slings
 11576 | D:9      | Reached skill level 10 in Slings
 12279 | D:9      | Reached XP level 11. HP: 61/61 MP: 10/23
 12849 | D:9      | Found a snail-covered altar of Cheibriados.
 13238 | D:9      | Found Culysuej's Food Emporium.
 13488 | D:10     | Entered Level 10 of the Dungeon
 13528 | D:10     | Noticed a hill giant
 13538 | D:10     | Killed a hill giant
 13653 | D:10     | Noticed a tengu warrior
 13734 | D:10     | Reached skill level 10 in Spellcasting
 13993 | Lair:1   | Noticed a seven-headed hydra
 14022 | Lair:1   | Killed a seven-headed hydra
 14304 | Lair:1   | Noticed a black mamba
 14320 | Lair:1   | Killed a black mamba
 14607 | Lair:1   | Noticed a seven-headed hydra
 14673 | Lair:1   | Killed a seven-headed hydra
 14673 | Lair:1   | Reached skill level 11 in Spellcasting
 14769 | Lair:1   | HP: 3/61 [poisoned by a spiny frog]
 14775 | Lair:1   | HP: 3/61 [poisoned by a spiny frog]
 14782 | Lair:1   | HP: 2/61 [poisoned by a spiny frog]
 15493 | Lair:2   | HP: 1/61 [black mamba (7)]
 15493 | Lair:2   | Mangled by a black mamba

Vault maps used:
D:1:      minmay_arrival_hallway, kennysheep_decorative_pillar
D:2:      nicolae_overflow_crystal_walls, amethyst_overflow_temple_binary
D:3:      gup_sewer_entry_bowl
D:4:      overflow_temple_1_default, serial_shops, nicolae_shop_statue_plus,
          uniq_duvessa, uniq_blork_the_orc, uniq_edmund
D:5:      grunt_temple_overflow_holy_war, first_bread, minmay_misc_feat_room,
          nicolae_tso_swordbearing_angel
D:6:      led_sif_pool, serial_shops, kennysheep_mini_moat,
          corexii_checkpoint_b, grunt_gozag_breadcrumbs, uniq_crazy_yiuf_cottage
D:7:      old_standard_altar, overflow_temple_1_default,
          lemuel_coloured_pillars_altar, temple_statues, uniq_menkaure
D:8:      kennysheep_mini, basic_altar
D:9:      overflow_temple_1_default, dpeg_oklobed_lair, serial_shops,
          nicolae_shop_scaring_up_business, hangedman_little_slice_of_home,
          minmay_orc_keep
D:10:     david_orc_4, due_unseen_surprise
Lair:1:   serial_bayou_shore_a, lemuel_fruit_fields
Lair:2:   grunt_forest_large_clearing_hut

Action                   |  1- 3 |  4- 6 |  7- 9 | 10-12 || total
-------------------------+-------+-------+-------+-------++-------
Melee: Unarmed           |     7 |       |       |       ||     7
       Dagger            |     3 |     6 |     5 |     9 ||    23
 Fire: Hunting sling     |       |    65 |   283 |   487 ||   835
Throw: Stone             |     1 |       |       |       ||     1
       Tomahawk          |       |       |     1 |     7 ||     8
 Cast: Magic Dart        |    74 |    68 |    78 |       ||   220
       Dazzling Spray    |     1 |    20 |    89 |   132 ||   242
       Iskenderun's Myst |       |       |     4 |     4 ||     8
       Repel Missiles    |       |       |     1 |       ||     1
       Swiftness         |       |       |       |     1 ||     1
Invok: Call Merchant     |       |       |       |     1 ||     1
Evoke: Wand              |       |       |     3 |     2 ||     5
  Use: Scroll            |       |     7 |    13 |     7 ||    27
       Potion            |       |     1 |     5 |     2 ||     8
  Eat: Chunk             |     2 |     7 |     8 |       ||    17
       Fruit             |       |     1 |     3 |     5 ||     9
       Beef jerky        |       |       |     5 |     2 ||     7
       Pizza             |       |       |     1 |     2 ||     3
       Royal jelly       |       |       |     1 |       ||     1
       Meat ration       |       |       |     2 |     1 ||     3
